[Event "ESP-ch Teams Primera 2022"]
[Site "Sanxenxo Pontevedra"]
[Date "2022.09.18"]
[Round "2.10"]
[White "Martin Duque, Jesus"]
[Black "Garcia Cuenca, Victor"]
[Result "1-0"]
[ECO "A06"]
[WhiteElo "2378"]
[BlackElo "2369"]
[Annotator "ChessBase"]
[PlyCount "101"]
[EventDate "2022.09.17"]
[EventType "team-tourn"]
[EventCountry "ESP"]
[SourceTitle "playchess.com"]
[Source "ChessBase"]
[SourceQuality "1"]
[TimeControl "5400+30"]

1. Nf3 d5 2. e3 Nf6 3. c4 e6 4. b3 Be7 5. Bb2 O-O 6. Nc3 c5 7. cxd5 Nxd5 8. Nxd5 exd5 9. Be2 Nc6 10. d4 cxd4 11. Nxd4 Qa5+ 12. Kf1 Nxd4 13. Bxd4 Bd7 14. Bd3 Rac8 15. a3 Bb5 16. g3 Rc6 17. Kg2 Bxd3 18. Qxd3 Rfc8 19. Rhd1 a6 20. Qf5 Rd8 21. Rdc1 Qc7 22. Qg4 Bf8 23. Rd1 Qd7 24. Qxd7 Rxd7 25. b4 f6 26. Rd3 Kf7 27. Rad1 Ke6 28. g4 g6 29. Ba1 Rc4 30. Kf3 b5 31. h4 h5 32. gxh5 gxh5 33. Rd4 Be7 34. Rg1 Bd6 35. Rg6 Be5 36. Rxc4 dxc4 37. Bxe5 Kxe5 38. Rg8 Rd3 39. Rh8 Rxa3 40. Rxh5+ Ke6 41. Rc5 Rb3 42. h5 Rxb4 43. Rc6+ Kf7 44. Rxa6 Rb2 45. Ra7+ Kg8 46. Rc7 Kh8 47. Kg3 Rb1 48. Kg4 Rg1+ 49. Kf5 Rg5+ 50. Kxf6 Rxh5 51. Kg6 1-0

[Event "ESP-ch Teams Primera 2022"]
[Site "Sanxenxo Pontevedra"]
[Date "2022.09.18"]
[Round "2.11"]
[White "Guadamuro Torrente, Anabel"]
[Black "Suarez Uriel, Adrian"]
[Result "1/2-1/2"]
[ECO "B07"]
[WhiteElo "2102"]
[BlackElo "2375"]
[Annotator "ChessBase"]
[PlyCount "131"]
[EventDate "2022.09.17"]
[EventType "team-tourn"]
[EventCountry "ESP"]
[SourceTitle "playchess.com"]
[Source "ChessBase"]
[SourceQuality "1"]
[TimeControl "5400+30"]

1. e4 d6 2. d4 Nf6 3. Nc3 e5 4. dxe5 dxe5 5. Qxd8+ Kxd8 6. Bg5 Be6 7. O-O-O+ Nbd7 8. f4 exf4 9. Nge2 h6 10. Bxf6+ gxf6 11. Nxf4 Bd6 12. Nxe6+ fxe6 13. Nb5 Bf4+ 14. Kb1 Ke7 15. g3 Be5 16. Bg2 Rad8 17. Nd4 Bxd4 18. Rxd4 Ne5 19. Rxd8 Rxd8 20. Kc1 b6 21. b3 c5 22. Rf1 h5 23. Rf4 Ng6 24. Rf2 h4 25. gxh4 Rh8 26. Bf1 Rxh4 27. Rg2 Ne5 28. Rg7+ Nf7 29. h3 Rxe4 30. Bd3 Rh4 31. Bg6 Rxh3 32. Rxf7+ Kd6 33. Rxf6 Rh6 34. Rf7 Rxg6 35. Rxa7 e5 36. Kd2 Kd5 37. Rd7+ Ke4 38. a4 Rf6 39. Ke2 Rh6 40. Kd2 Rg6 41. Rd8 Rf6 42. Ke2 Kf4 43. Rg8 e4 44. Rh8 Rg6 45. Rf8+ Ke5 46. Ke3 Rg3+ 47. Kd2 Rg2+ 48. Kc3 Rg1 49. Kd2 Rg2+ 50. Kc3 Rh2 51. Rb8 Rh6 52. Kd2 Rh2+ 53. Ke3 Rxc2 54. Rxb6 Rc3+ 55. Kd2 Rd3+ 56. Ke2 Kd4 57. a5 Rh3 58. Rd6+ Ke5 59. Rb6 Kd4 60. Rd6+ Ke5 61. Rb6 Rh2+ 62. Ke3 Ra2 63. Rb5 Kd5 64. b4 Ra3+ 65. Ke2 Ra2+ 66. Ke3 1/2-1/2

[Event "ESP-ch Teams Primera 2022"]
[Site "Sanxenxo Pontevedra"]
[Date "2022.09.18"]
[Round "2.12"]
[White "Pablos Tenrero, Raquel"]
[Black "Recuenco Andres, Javier"]
[Result "1-0"]
[ECO "C62"]
[WhiteElo "1985"]
[BlackElo "1925"]
[Annotator "TA"]
[PlyCount "79"]
[EventDate "2022.09.17"]
[EventType "team-tourn"]
[EventCountry "ESP"]
[SourceTitle "playchess.com"]
[Source "ChessBase"]
[SourceQuality "1"]
[TimeControl "5400+30"]

1. e4 e5 2. Nf3 Nc6 3. Bb5 d6 4. d4 exd4 5. Nxd4 Bd7 6. Bxc6 bxc6 7. Nc3 g6 8. O-O Bg7 9. Be3 {C62: Ruy Lopez: Steinitz Defence.} Nf6 10. Qd2 Ng4 11. Bg5 {White has an edge.} f6 12. Bf4 {[#]} c5 $146 ({Predecessor:} 12... O-O 13. Qe2 Kh8 14. Nxc6 Bxc6 15. Qxg4 Rb8 16. Rab1 Rb4 17. Qe2 Qb8 18. b3 f5 {1-0 (40) Beckemeier,W (2365)-Pachow,J (2340) Germany 1998}) 13. Nde2 g5 14. Bg3 h5 15. f3 $36 {[%cal Bf2f3,Bf3f4][%mdl 2080] White fights for an advantage.} Nh6 16. Qd5 ({Better is} 16. h4 $16) 16... Qc8 ({Black should play} 16... h4 $14 17. Bf2 h3) 17. f4 {White is much more active.} Be6 18. Qd2 Nf7 19. h4 {Black is now going downhill.} Bc4 20. Nd5 (20. hxg5 $6 fxg5 21. fxg5 h4 $15) 20... gxh4 21. Bxh4 Qg4 $2 (21... Bxd5 $16 22. Qxd5 c6) 22. Nxc7+ $18 {Pair of Knights!} (22. Bxf6 $6 Bxd5 23. Qxd5 O-O $18) 22... Kd7 23. Nxa8 {Dancing on a razor blade.} Qxh4 {[#]} (23... Rxa8 {was called for.} 24. Ng3 Nh6) 24. b3 $2 (24. Qa5 $1 $18 Rxa8 25. Qa4+ Ke7 26. Qxc4) 24... Ba6 $2 (24... Bxe2 $14 25. Qxe2 (25. Qd5 Nd8 $11) 25... Rxa8) 25. Qd5 Nh6 {[#] And now ...Ng4 would win.} 26. Rad1 $1 Bf8 {...Ng4 is the strong threat.} 27. c4 Rh7 $2 (27... Ng4 28. Rf3 (28. Qf7+ Be7 $11) 28... Qh2+ 29. Kf1 Qh1+ 30. Ng1 Nh2+ 31. Kf2 Ng4+ 32. Kf1 Nh2+ 33. Ke2 Qxg2+ 34. Rf2 Qg4+ 35. Nf3 (35. Ke3 Qg3+ 36. Rf3 Qg8 $16) 35... Nxf3 36. Qf7+ (36. Rxf3 Be7 $16) 36... Kd8 37. Rxf3 Be7) 28. Rf3 Rg7 29. e5 Ng4 30. Rg3 $2 (30. exd6 Qh2+ 31. Kf1 Qh1+ 32. Ng1 Nh2+ 33. Ke2 Qxg2+ 34. Rf2 Qxd5 35. Rxd5 Bb7 36. Rxh5 (36. Rxh2 Bxd5 37. cxd5 Rxg1 $14) 36... Ng4 $14) (30. Ng3 $18 Qh2+ 31. Kf1) 30... Qh2+ (30... fxe5 $16 31. Rdd3 (31. Qxc5 Qh2+ 32. Kf1 Bb7 $11) 31... Qh2+ 32. Kf1 Qh1+ 33. Ng1 Qh4) 31. Kf1 Qxg3 32. Qxd6+ $1 ({Weaker is} 32. Nxg3 Ne3+ 33. Kf2 Nxd5 34. Rxd5 fxe5 $17) (32. e6+ Kd8 33. Nxg3 (33. e7+ $2 Bxe7 34. Nxg3 Ne3+ 35. Kf2 Nxd5 $19) 33... Ne3+ 34. Kf2 Nxd5 35. Rxd5 Rh7 $11) 32... Bxd6 33. Rxd6+ (33. Nxg3 $2 {perishes.} Ne3+ 34. Ke1 fxe5 35. Nxh5 Rxg2 $19) 33... Kc8 34. Nxg3 Bb7 $2 (34... fxe5 35. Rxa6 Kb7) 35. Nxh5 $2 ({White has to play} 35. Nf5 $18 Bxg2+ 36. Kg1 (36. Kxg2 Ne3+ 37. Kh3 Nxf5 $18)) 35... Rh7 (35... Nh2+ $11 {and Black has nothing to worry.} 36. Ke1 Rxg2) 36. Nxf6 Nxf6 37. Rxf6 Bxa8 (37... Rh8 $142 38. f5 Bxa8) 38. Rf8+ Kb7 39. e6 {White wants to mate with Rf7+.} a6 40. Rf7+ {Weighted Error Value: White=0.98/Black=0.89} 1-0

[Event "ESP-ch Teams Primera 2022"]
[Site "Sanxenxo Pontevedra"]
[Date "2022.09.18"]
[Round "2.13"]
[White "Reinaldo Castineira, Roi"]
[Black "Cordova, Emilio"]
[Result "0-1"]
[ECO "B60"]
[WhiteElo "2496"]
[BlackElo "2550"]
[Annotator "ChessBase"]
[PlyCount "80"]
[EventDate "2022.09.17"]
[EventType "team-tourn"]
[EventCountry "ESP"]
[SourceTitle "playchess.com"]
[Source "ChessBase"]
[SourceQuality "1"]
[TimeControl "5400+30"]

1. e4 c5 2. Nf3 Nc6 3. d4 cxd4 4. Nxd4 Nf6 5. Nc3 d6 6. Bg5 Bd7 7. Nxc6 Bxc6 8. Bxf6 gxf6 9. Bb5 Bxb5 10. Nxb5 Qa5+ 11. Nc3 Rg8 12. O-O e6 13. Qf3 Rc8 14. Qxf6 Bg7 15. Qh4 Bxc3 16. bxc3 Qg5 17. Qxg5 Rxg5 18. Rfd1 Ke7 19. Rd3 Ra5 20. Rh3 Rc4 21. Rxh7 Rxe4 22. Kf1 Rea4 23. Ke2 Re5+ 24. Kf1 Rd5 25. Rh3 Rd2 26. Rb1 b6 27. Rb2 Rd1+ 28. Ke2 Rh1 29. Rh8 d5 30. h3 Re4+ 31. Kf3 Rc4 32. Rb3 Rc1 33. Ra8 Rc7 34. h4 Rxc2 35. h5 f5 36. Kg3 Kf6 37. f3 Rg7+ 38. Kf4 e5+ 39. Ke3 f4+ 40. Kd3 Rgxg2 0-1

[Event "ESP-ch Teams Primera 2022"]
[Site "Sanxenxo Pontevedra"]
[Date "2022.09.18"]
[Round "2.14"]
[White "Krysa, Leandro"]
[Black "Suarez Gomez, Julio"]
[Result "1/2-1/2"]
[ECO "E16"]
[WhiteElo "2535"]
[BlackElo "2440"]
[Annotator "ChessBase"]
[PlyCount "110"]
[EventDate "2022.09.17"]
[EventType "team-tourn"]
[EventCountry "ESP"]
[SourceTitle "playchess.com"]
[Source "ChessBase"]
[SourceQuality "1"]
[TimeControl "5400+30"]

1. d4 Nf6 2. c4 e6 3. Nf3 Bb4+ 4. Bd2 Qe7 5. g3 Bxd2+ 6. Qxd2 Nc6 7. e3 e5 8. dxe5 Nxe5 9. Nxe5 Qxe5 10. Nc3 d6 11. Bg2 O-O 12. O-O c6 13. Rad1 Rd8 14. h3 h5 15. Qd4 Be6 16. b3 Qxd4 17. Rxd4 Kf8 18. f4 Ke7 19. Rfd1 a5 20. Kh2 g6 21. Bf3 Rac8 22. e4 Rb8 23. Be2 Ra8 24. Kg2 Rac8 25. Bf3 Rb8 26. R4d2 Ra8 27. Re1 Kf8 28. Rc1 Ke7 29. a3 Ra6 30. Ne2 Bg4 31. Nd4 Bxf3+ 32. Kxf3 Nd7 33. Rc3 Raa8 34. Re3 Nc5 35. Rd1 Nd7 36. Rh1 Rh8 37. Rd3 Nc5 38. Rdd1 Ne6 39. Rd2 Nxd4+ 40. Rxd4 b6 41. Rhd1 Rhd8 42. R4d3 Rd7 43. g4 hxg4+ 44. hxg4 Rh8 45. Kg3 Rdd8 46. g5 Ke6 47. b4 Ke7 48. f5 Rh5 49. Kg4 Rh2 50. f6+ Ke6 51. b5 Rdh8 52. Rxd6+ Ke5 53. bxc6 R8h4+ 54. Kg3 R4h3+ 55. Kg4 Rh4+ 1/2-1/2

[Event "ESP-ch Teams Primera 2022"]
[Site "Sanxenxo Pontevedra"]
[Date "2022.09.18"]
[Round "2.15"]
[White "Laiz Ibanez, Hector"]
[Black "Ushenina, Anna"]
[Result "1/2-1/2"]
[ECO "B12"]
[WhiteElo "2327"]
[BlackElo "2439"]
[Annotator "ChessBase"]
[PlyCount "84"]
[EventDate "2022.09.17"]
[EventType "team-tourn"]
[EventCountry "ESP"]
[SourceTitle "playchess.com"]
[Source "ChessBase"]
[SourceQuality "1"]
[TimeControl "5400+30"]

1. e4 c6 2. d4 d5 3. e5 Bf5 4. Nf3 e6 5. Be2 Ne7 6. O-O h6 7. a4 Nd7 8. c3 Bh7 9. Nbd2 c5 10. dxc5 Nxc5 11. b4 Nd7 12. c4 dxc4 13. Nxc4 Nd5 14. Qb3 Be7 15. Ba3 O-O 16. Rfd1 Qb8 17. Rd4 Re8 18. Rad1 Qc7 19. Rc1 Qb8 20. Rcd1 Qc7 21. Rc1 Qb8 22. Rcd1 Rc8 23. Rc1 Rc7 24. Ne3 Nxe3 25. Qxe3 Nb6 26. b5 Nd5 27. Qb3 Rxc1+ 28. Bxc1 Qc7 29. Rc4 Qd7 30. Ba3 Rd8 31. Bxe7 Qxe7 32. a5 Bg6 33. h3 Qd7 34. Rd4 Qc7 35. Bc4 Qxa5 36. Bxd5 exd5 37. Rxd5 Be4 38. Rxd8+ Qxd8 39. e6 Bxf3 40. exf7+ Kf8 41. Qxf3 Qd7 42. Qe3 Qd8 1/2-1/2

[Event "ESP-ch Teams Primera 2022"]
[Site "Sanxenxo Pontevedra"]
[Date "2022.09.18"]
[Round "2.16"]
[White "Bernabeu Lopez, Carlos Javier"]
[Black "Abal Cores, Lucas"]
[Result "1/2-1/2"]
[ECO "D02"]
[WhiteElo "2415"]
[BlackElo "2291"]
[Annotator "ChessBase"]
[PlyCount "64"]
[EventDate "2022.09.17"]
[EventType "team-tourn"]
[EventCountry "ESP"]
[SourceTitle "playchess.com"]
[Source "ChessBase"]
[SourceQuality "1"]
[TimeControl "5400+30"]

1. d4 d5 2. Nf3 Nf6 3. c4 e6 4. g3 c6 5. Nbd2 Bd6 6. Bg2 O-O 7. O-O Nbd7 8. Qc2 Qe7 9. e4 dxe4 10. Nxe4 Nxe4 11. Qxe4 e5 12. Re1 Re8 13. Qc2 Qf8 14. c5 Bc7 15. Be3 Ba5 16. Red1 h6 17. dxe5 Bc7 18. Bd4 Nxe5 19. Nd2 Bg4 20. Re1 Rad8 21. Qc3 f6 22. Ne4 Qf7 23. f4 Nf3+ 24. Bxf3 Bxf3 25. Qxf3 Rxd4 26. Rad1 Red8 27. b3 f5 28. Nf2 R4d5 29. Rxd5 Rxd5 30. Nd3 Qd7 31. Ne5 Qe6 32. Nc4 Qd7 1/2-1/2

[Event "ESP-ch Teams Primera 2022"]
[Site "Sanxenxo Pontevedra"]
[Date "2022.09.18"]
[Round "2.17"]
[White "Rodriguez Ferreiros, Andres"]
[Black "Alshameary Puente, Ismael"]
[Result "1/2-1/2"]
[ECO "B92"]
[WhiteElo "2110"]
[BlackElo "2332"]
[Annotator "ChessBase"]
[PlyCount "80"]
[EventDate "2022.09.17"]
[EventType "team-tourn"]
[EventCountry "ESP"]
[SourceTitle "playchess.com"]
[Source "ChessBase"]
[SourceQuality "1"]
[TimeControl "5400+30"]

1. e4 c5 2. Nf3 d6 3. d4 cxd4 4. Nxd4 Nf6 5. Nc3 a6 6. Be2 e5 7. Nb3 Be7 8. Be3 Be6 9. Nd5 Nbd7 10. Qd3 O-O 11. O-O Bxd5 12. exd5 Nb6 13. c4 Rc8 14. Rac1 Na4 15. Qd2 Ne4 16. Qb4 Qd7 17. f3 Nec5 18. Na5 Bd8 19. b3 Qc7 20. Bd2 Nb6 21. Qa3 Ncd7 22. b4 h6 23. Rfd1 f5 24. c5 dxc5 25. d6 Qb8 26. bxc5 Na8 27. Qb3+ Kh8 28. Nxb7 Bb6 29. cxb6 Qxb7 30. Be3 Naxb6 31. Qa3 f4 32. Bf2 Rxc1 33. Rxc1 Rc8 34. Rxc8+ Qxc8 35. Qxa6 Qc1+ 36. Bf1 Qc6 37. a4 Qxa4 38. Qxa4 Nxa4 39. Bb5 Nac5 40. Bxc5 Nxc5 1/2-1/2

[Event "ESP-ch Teams Primera 2022"]
[Site "Sanxenxo Pontevedra"]
[Date "2022.09.18"]
[Round "2.18"]
[White "Calzetta Ruiz, Monica"]
[Black "Dorado Meijide, Andrea"]
[Result "0-1"]
[ECO "C02"]
[WhiteElo "2227"]
[BlackElo "1801"]
[Annotator "TA"]
[PlyCount "86"]
[EventDate "2022.09.17"]
[EventType "team-tourn"]
[EventCountry "ESP"]
[SourceTitle "playchess.com"]
[Source "ChessBase"]
[SourceQuality "1"]
[TimeControl "5400+30"]

1. e4 e6 2. d4 d5 3. e5 c5 4. c3 Nc6 5. Nf3 Bd7 6. a3 cxd4 7. cxd4 Nge7 8. Nc3 Nf5 9. b4 Be7 {C02: French: Advance Variation.} 10. Be2 O-O 11. O-O Rc8 {[%cal Oc6e5] The position is equal.} 12. Bb2 f6 13. Qd2 fxe5 14. dxe5 Be8 15. Rad1 {[#]} ({White should try} 15. h3 $1 $11) 15... Kh8 $146 ({Black should play} 15... Bh5 $15) ({Predecessor:} 15... Bg6 16. Rfe1 a6 17. b5 Na5 18. bxa6 Nb3 19. Qf4 bxa6 20. Qg4 Qb6 21. Na4 Qc6 {1-0 (56) Chau,O (2136)-Kerrigan,K (2129) France 2002}) 16. h3 Bg6 17. Bd3 Nh4 18. Nxh4 Bxd3 19. Qxd3 {[#] Black must now prevent Nf3.} Bxh4 20. Ne2 a6 21. g3 Be7 22. Nf4 Qd7 23. Qe2 {aiming for Qg4.} Bg5 24. Nd3 Rce8 25. Qg4 Bd8 26. Nc5 Qe7 27. Rc1 Rf5 28. f4 Bb6 29. Kg2 Bxc5 30. Rxc5 Ref8 31. h4 $1 a5 32. Rfc1 axb4 33. axb4 {[#] b5 is the strong threat.} h5 34. Qe2 Qf7 35. b5 Nd8 (35... Rxf4 $11 {and Black has nothing to worry.} 36. gxf4 Qg6+ 37. Kh3 Rxf4) 36. Ba3 {[%cal Bb2a3,Ba3e7,Be7g5][%mdl 32] Hoping for Rc7.} Rg8 37. Rc7 Qg6 38. Kh3 (38. Qd3 $18) 38... Rf7 $16 39. Be7 {Threatens to win with Rd7.} Qf5+ $2 {Black cannot hold the game after this.} (39... Re8 $16) 40. Kh2 $18 Re8 41. Bg5 Ref8 $2 (41... Kg8 {was called for.} 42. Qxh5 g6) 42. Qxh5+ Kg8 43. Qe2 {And now Rc8 would win.} d4 {[%mdl 32768] Weighted Error Value: White=0.26 (precise) /Black=0.33. Loss on time!?} 0-1

[Event "ESP-ch Teams Primera 2022"]
[Site "Sanxenxo Pontevedra"]
[Date "2022.09.18"]
[Round "2.19"]
[White "Bjerre, Jonas Buhl"]
[Black "Alsina Leal, Daniel"]
[Result "1-0"]
[ECO "B30"]
[WhiteElo "2598"]
[BlackElo "2525"]
[Annotator "ChessBase"]
[PlyCount "71"]
[EventDate "2022.09.17"]
[EventType "team-tourn"]
[EventCountry "ESP"]
[SourceTitle "playchess.com"]
[Source "ChessBase"]
[SourceQuality "1"]
[TimeControl "5400+30"]

1. e4 c5 2. Nf3 Nc6 3. Nc3 Nf6 4. Bb5 g6 5. e5 Ng4 6. Bxc6 dxc6 7. O-O Bg7 8. Re1 O-O 9. d3 Nh6 10. Ne4 b6 11. a4 a5 12. h3 Nf5 13. c3 Ba6 14. d4 cxd4 15. cxd4 c5 16. d5 Bb7 17. Nc3 e6 18. Bg5 Qd7 19. d6 f6 20. exf6 Bxf6 21. Bxf6 Rxf6 22. Ne5 Qxd6 23. Qxd6 Nxd6 24. Rad1 Bd5 25. Nd7 Rf4 26. Nxb6 Rb8 27. Nbxd5 exd5 28. Nxd5 Rd4 29. Ne7+ Kg7 30. Nc6 Rxd1 31. Rxd1 Rxb2 32. Rxd6 c4 33. Nxa5 c3 34. Rc6 c2 35. Kh2 h5 36. Rc3 1-0

[Event "ESP-ch Teams Primera 2022"]
[Site "Sanxenxo Pontevedra"]
[Date "2022.09.18"]
[Round "2.20"]
[White "Lorenzo De La Riva, Lazaro"]
[Black "Salgado Lopez, Ivan"]
[Result "1/2-1/2"]
[ECO "C45"]
[WhiteElo "2430"]
[BlackElo "2595"]
[Annotator "ChessBase"]
[PlyCount "136"]
[EventDate "2022.09.17"]
[EventType "team-tourn"]
[EventCountry "ESP"]
[SourceTitle "playchess.com"]
[Source "ChessBase"]
[SourceQuality "1"]
[TimeControl "5400+30"]

1. e4 e5 2. Nf3 Nc6 3. d4 exd4 4. Nxd4 Nf6 5. Nxc6 bxc6 6. e5 Qe7 7. Qe2 Nd5 8. h4 d6 9. c4 Nb6 10. exd6 cxd6 11. Be3 Be6 12. Qc2 Qf6 13. Nd2 Be7 14. Bd3 h6 15. O-O-O Rb8 16. Rde1 d5 17. c5 Nc4 18. Bxc4 dxc4 19. Ne4 Qf5 20. Nd6+ Bxd6 21. Qxf5 Bxf5 22. cxd6 Be6 23. Bxa7 Rb5 24. Bd4 Kd7 25. Re3 Ra8 26. a3 f6 27. Rhe1 Re8 28. Rg3 Rg8 29. Rd1 Rh5 30. Bc3 Rxh4 31. a4 Rg4 32. Rxg4 Bxg4 33. Rd4 Be6 34. a5 Bd5 35. Bb4 Rb8 36. Bc5 Ra8 37. Bb6 Kxd6 38. f3 Re8 39. Kd2 g5 40. Kd1 h5 41. Rd2 c5 42. Re2 Rh8 43. Ke1 h4 44. Kf2 h3 45. Kg1 f5 46. gxh3 Bxf3 47. Rd2+ Bd5 48. Rh2 f4 49. Ba7 Kc6 50. Bb6 Be4 51. Re2 Bd5 52. Rh2 Bf3 53. Rc2 Kb5 54. Rh2 Bb7 55. Bc7 Rh5 56. Bd8 Kb4 57. Bc7 Kb3 58. Bd8 c3 59. bxc3 Kxc3 60. Bf6+ Kd3 61. Rb2 Bd5 62. Kh2 Be6 63. a6 Rxh3+ 64. Kg1 g4 65. Be5 Bd5 66. Bxf4 g3 67. Rd2+ Ke4 68. Rxd5 Kxf4 1/2-1/2

[Event "ESP-ch Teams Primera 2022"]
[Site "Sanxenxo Pontevedra"]
[Date "2022.09.18"]
[Round "2.21"]
[White "Andersen, Mads"]
[Black "Alonso Moyano, Jonathan"]
[Result "1-0"]
[ECO "B90"]
[WhiteElo "2597"]
[BlackElo "2348"]
[Annotator "ChessBase"]
[PlyCount "81"]
[EventDate "2022.09.17"]
[EventType "team-tourn"]
[EventCountry "ESP"]
[SourceTitle "playchess.com"]
[Source "ChessBase"]
[SourceQuality "1"]
[TimeControl "5400+30"]

1. e4 c5 2. Nf3 d6 3. d4 cxd4 4. Nxd4 Nf6 5. Nc3 a6 6. f3 e5 7. Nb3 Be6 8. Be3 h5 9. Nd5 Bxd5 10. exd5 Nbd7 11. Qd2 Be7 12. O-O-O O-O 13. Kb1 a5 14. a3 a4 15. Nc1 Qa5 16. Na2 Qxd2 17. Rxd2 Bd8 18. Rd1 Bb6 19. Bg5 Bd4 20. Bb5 Rfc8 21. c3 Bb6 22. Rhe1 Rc5 23. c4 Rc7 24. f4 Bd4 25. Nb4 Nb6 26. fxe5 Bxe5 27. Rxe5 dxe5 28. d6 Rxc4 29. Bxc4 Nxc4 30. d7 Rd8 31. Nd5 Rxd7 32. Nxf6+ gxf6 33. Rxd7 fxg5 34. Rxb7 Ne3 35. b3 axb3 36. a4 Nc4 37. Rc7 Na5 38. Rc5 Nb7 39. Rxe5 f6 40. Rb5 Nd6 41. Rxb3 1-0

[Event "ESP-ch Teams Primera 2022"]
[Site "Sanxenxo Pontevedra"]
[Date "2022.09.18"]
[Round "2.22"]
[White "Martinez Ramirez, Erik"]
[Black "Gomez Dieguez, David"]
[Result "1/2-1/2"]
[ECO "C58"]
[WhiteElo "2181"]
[BlackElo "2332"]
[Annotator "ChessBase"]
[PlyCount "140"]
[EventDate "2022.09.17"]
[EventType "team-tourn"]
[EventCountry "ESP"]
[SourceTitle "playchess.com"]
[Source "ChessBase"]
[SourceQuality "1"]
[TimeControl "5400+30"]

1. e4 e5 2. Nf3 Nc6 3. Bc4 Nf6 4. Ng5 d5 5. exd5 Na5 6. Bb5+ c6 7. dxc6 bxc6 8. Bd3 Nd5 9. Nf3 Nf4 10. O-O Nxd3 11. cxd3 Bd6 12. Re1 O-O 13. Nc3 Re8 14. Ne4 Bf8 15. Qc2 Bg4 16. Re3 f5 17. Nc5 f4 18. Re1 Bxf3 19. gxf3 Qg5+ 20. Kf1 Qh5 21. Ke2 Bxc5 22. Qxc5 Nb7 23. Qxc6 e4 24. dxe4 Rxe4+ 25. Qxe4 Re8 26. Qxe8+ Qxe8+ 27. Kf1 Qh5 28. Kg2 Qg6+ 29. Kf1 Qd3+ 30. Kg2 Nd6 31. a4 Nf5 32. Ra3 Qd5 33. Rc3 Nh4+ 34. Kf1 Nxf3 35. Re7 h6 36. d4 Nxd4 37. f3 Qf5 38. Re8+ Kh7 39. Re4 Qh3+ 40. Kg1 Ne6 41. Bxf4 Nxf4 42. Rxf4 Qd7 43. Rg4 Qd1+ 44. Kg2 h5 45. Rg3 Qd2+ 46. Kh3 Qd7+ 47. Kg2 g6 48. h4 Qxa4 49. Ra3 Qd7 50. Ra6 Qd2+ 51. Kh3 Qd1 52. Rgxg6 Qxf3+ 53. Kh2 Qe2+ 54. Kg3 Qxb2 55. Rh6+ Kg7 56. Rag6+ Kf7 57. Rg5 Qc3+ 58. Kh2 Qd2+ 59. Kh3 Qd3+ 60. Kh2 a5 61. Rhxh5 a4 62. Rf5+ Ke6 63. Ra5 Qe2+ 64. Kg3 Qd3+ 65. Kg4 a3 66. Rh6+ Kf7 67. Rha6 Qe4+ 68. Kg5 Qe3+ 69. Kg4 Qe4+ 70. Kg5 Qe3+ 1/2-1/2

[Event "ESP-ch Teams Primera 2022"]
[Site "Sanxenxo Pontevedra"]
[Date "2022.09.18"]
[Round "2.23"]
[White "Del Prado Rodriguez, Xulio"]
[Black "Bosque Ortega, Xavier"]
[Result "1-0"]
[ECO "D15"]
[WhiteElo "2281"]
[BlackElo "2164"]
[Annotator "ChessBase"]
[PlyCount "73"]
[EventDate "2022.09.17"]
[EventType "team-tourn"]
[EventCountry "ESP"]
[SourceTitle "playchess.com"]
[Source "ChessBase"]
[SourceQuality "1"]
[TimeControl "5400+30"]

1. d4 d5 2. c4 c6 3. Nc3 Nf6 4. Nf3 Bf5 5. cxd5 Nxd5 6. Qb3 Nxc3 7. bxc3 Qb6 8. Ne5 Be6 9. Qc2 f6 10. Nf3 Bc4 11. Nd2 Ba6 12. Rb1 Qc7 13. c4 Nd7 14. e3 e5 15. Bd3 exd4 16. exd4 Bd6 17. Ne4 O-O-O 18. Nxd6+ Qxd6 19. Be3 c5 20. dxc5 Nxc5 21. Bf5+ Kb8 22. O-O g6 23. Bg4 Qd3 24. Qb2 f5 25. Qe5+ Qd6 26. Qxd6+ Rxd6 27. Bxc5 Rc6 28. Bd4 Rd8 29. Be5+ Kc8 30. Bf3 Rxc4 31. Be2 Ra4 32. Bxa6 Rxa6 33. Rfc1+ Kd7 34. Rxb7+ Ke6 35. Re1 Rd3 36. Bf4+ Kd5 37. Rd7+ 1-0

[Event "ESP-ch Teams Primera 2022"]
[Site "Sanxenxo Pontevedra"]
[Date "2022.09.18"]
[Round "2.24"]
[White "Castillo Escario, Yolanda"]
[Black "Redondo Arguelles, Graciela"]
[Result "1-0"]
[ECO "C03"]
[WhiteElo "2035"]
[BlackElo "1993"]
[Annotator "TA"]
[PlyCount "97"]
[EventDate "2022.09.17"]
[EventType "team-tourn"]
[EventCountry "ESP"]
[SourceTitle "playchess.com"]
[Source "ChessBase"]
[SourceQuality "1"]
[TimeControl "5400+30"]

1. e4 e6 2. d4 d5 3. Nd2 Be7 4. Ngf3 Nf6 5. Bd3 c5 6. e5 Nfd7 7. c3 {[%emt 0:00:20] C03: French Tarrasch: Unusual Black 3rd moves.} b6 8. O-O Ba6 9. Bxa6 {[%emt 0:05:04] The position is equal.} Nxa6 10. Qe2 Nc7 11. c4 O-O 12. Rd1 Qc8 13. b3 Qa6 14. Bb2 {[%emt 0:02:24] [#]} Rfd8 $146 ({Predecessor:} 14... Rac8 15. a4 dxc4 16. bxc4 Nd5 17. Qe4 Nb4 18. d5 exd5 19. cxd5 Qd3 20. d6 Qxe4 21. Nxe4 {½-½ (31) Castelfranchi,C (2073)-Ivanovic,A (2107) Trieste 2012}) 15. a3 Rac8 16. Rac1 h6 17. h3 Nf8 18. h4 Rd7 19. g3 $1 Rcd8 20. Nf1 dxc4 21. Qxc4 Qxc4 22. Rxc4 Nb5 23. a4 Nxd4 24. Nxd4 cxd4 (24... a6 {feels hotter.} 25. Rd2 b5 26. axb5 axb5 27. Nc6 bxc4 28. Nxd8 Bxd8 29. bxc4 Ba5) 25. Rcxd4 Bc5 26. Rxd7 Rxd7 27. Rxd7 Nxd7 $11 {[%emt 0:00:07][%mdl 4096] Endgame KBN-KBN} 28. Nd2 Bb4 29. Ne4 Kf8 30. g4 Nc5 31. Nxc5 Bxc5 {[%emt 0:00:01] KB-KB} 32. Kg2 Ke7 33. f4 g6 34. h5 Kd7 35. g5 gxh5 $2 (35... Bf8 $11) 36. gxh6 $18 {[%emt 0:00:08] [#] Threatening mate with h7.} Bf8 37. h7 Bg7 38. Kh3 (38. Kg3 $142 Bh8 39. f5) 38... Ke7 (38... Ke8 $142 39. Kh4 Bh8 40. Kxh5 Kf8) 39. Kh4 Bh8 40. Ba3+ Ke8 41. Kxh5 Bg7 42. Bb4 (42. Bd6 $142 a6 43. Kg5) 42... a6 43. Bd6 b5 44. axb5 {[%emt 0:01:59] White mates.} axb5 45. Bc5 Bh8 46. Kh6 f6 47. Bd6 Kd7 48. Kg6 b4 49. Kf7 {[%emt 0:01:17] Weighted Error Value: White=0.21 (precise) /Black=0.46} 1-0